 Dungeon Crawl Stone Soup version 0.30-a0-359-gd0147acb1a (webtiles) character file.

Game seed: 14647851700265661749

213 Gismaildir the Covered (level 5, -2/47 HPs)
             Began as a Minotaur Fighter on Nov 12, 2022.
             Slain by a gnoll
             ... wielding a +0 whip
              (7 damage)
             ... on level 4 of the Dungeon.
             The game lasted 00:04:33 (1935 turns).

Gismaildir the Covered (Minotaur Fighter)           Turns: 1935, Time: 00:04:34

Health: -2/47      AC:  7    Str: 22    XL:     5   Next: 59%
Magic:  4/4        EV: 10    Int:  5    God:
Gold:   128        SH:  4    Dex: 10    Spells: 4/4 levels left

rFire   . . .      SeeInvis .    a - +0 war axe
rCold   . . .      Faith    .    c - +0 buckler
rNeg    + . .      Spirit   .    b - +0 scale mail
rPois   .          Reflect  .    (helmet restricted)
rElec   .          Harm     .    (no cloak)
rCorr   .          Rampage  .    (no gloves)
Will    .....                    (no boots)
Stlth   ..........               (no amulet)
HPRegen 0.27/turn                l - ring of positive energy
MPRegen 0.09/turn                (no ring)

@: no status effects
A: horns 2, retaliatory headbutt
a: no special abilities


You were on level 4 of the Dungeon.
You visited 1 branch of the dungeon, and saw 4 of its levels.

You collected 161 gold pieces.
You spent 33 gold pieces at shops.

Inventory:

Hand Weapons
 a - a +0 war axe (weapon)
Armour
 b - a +0 scale mail (worn)
 c - a +0 buckler (worn)
Jewellery
 l - a ring of positive energy (left hand)
Wands
 m - a wand of mindburst (12)
Scrolls
 h - 2 scrolls of amnesia
 i - 4 scrolls of teleportation
 j - a scroll of fear
Potions
 d - a potion of might
 e - 3 potions of heal wounds
 f - a potion of resistance
 g - 2 potions of curing
 k - a potion of haste {unknown}
 n - a potion of berserk rage {unknown}


   Skills:
 + Level 4.6 Fighting
 + Level 3.9 Axes
 + Level 4.7 Armour
 + Level 2.3 Dodging
 + Level 4.6 Shields


You had 4 spell levels left.
You didn't know any spells.
Your spell library contained the following spells:

 Spells                   Type           Power      Damage    Failure   Level
 Slow                     Hex            0%         N/A       86%         1
 Summon Small Mammal      Summ           0%         N/A       86%         1
 Static Discharge         Conj/Air       0%         2-2/arc   95%         2
 Call Canine Familiar     Summ           0%         N/A       99%         3
 Confusing Touch          Hex            0%         N/A       99%         3
 Dazzling Flash           Conj/Hex       0%         N/A       99%         3
 Stone Arrow              Conj/Erth      0%         3d7       99%         3
 Summon Guardian Golem    Hex/Summ       0%         N/A       99%         3
 Vampiric Draining        Necr           0%         2d6       99%         3
 Vhi's Electric Charge    Tloc/Air       0%         N/A       99%         3
 Animate Armour           Summ/Erth      0%         N/A       100%        4
 Agony                    Necr           0%         N/A       100%        5
 Arcjolt                  Conj/Air       0%         1d10      100%        5
 Lightning Bolt           Conj/Air       0%         1d11      100%        5
 Silence                  Hex/Air        0%         N/A       100%        5
 Lehudib's Crystal Spear  Conj/Erth      0%         10d2      100%        8


Dungeon Overview and Level Annotations

Branches:
Dungeon (4/15)
 Temple: D:4-7

Altars:
Dithmenos
Elyvilon

Shops:
D:1 ::   D:2 !   D:3 [


Innate Abilities, Weirdness & Mutations

You have a pair of horns on your head.
You reflexively headbutt those who attack you in melee.


Message History

The scorpion poisons you!
You slash the scorpion!
You kill the scorpion!
You feel very sick.
You feel sick. The gnoll hits you with a +0 halberd.
You hit the gnoll.
The gnoll is lightly wounded.
You feel sick.
The gnoll hits you with a +0 halberd! x2
* * * LOW HITPOINT WARNING * * *
You are too injured to fight recklessly!
You are too injured to fight recklessly!
Unknown command.
Unknown command.
Unknown command.
You hit the gnoll.
The gnoll is heavily wounded.
You feel sick. The gnoll closely misses you. You furiously retaliate!
You headbutt the gnoll!
You kill the gnoll!
You feel sick.
You feel sick.
You feel sick.
You feel sick.
g - 2 potions of curing (gained 1)
You feel sick.
You are no longer poisoned.
o - a scroll of identify
As you read the scroll of identify, it crumbles to dust.
f - a potion of resistance Unknown command.
An adder comes into view.
The adder hisses angrily.
A gnoll comes into view. It is wielding a +0 whip.
The gnoll shouts!
A gnoll comes into view. It is wielding a +0 club.
You hear the slow rusting of a drain nearby.
A quokka comes into view.
The adder attacks as you move away! The adder bites you but does no damage.
The gnoll attacks as you move away! The gnoll hits you with a +0 whip!
You die...

##. .. ###.. .r .. ...#
.# ..#.# #..# .#
#.#.#.###..# g# . .
#.#....##).###.# .. ..
#.#...........<###.#.
...##.##...##...g........
.......†..###...@S..##.#.
.#.##.............)......
#........####.......##.##
..................### #
######.<.####.#...# ###.#
#.##.## #.# #.##.# #.#
#.##.# #.# #.##.#


You could see 2 gnolls and an adder.

Vanquished Creatures
  A scorpion (D:4)
  Natasha (thrice) (D:2)
  A gnoll (D:4)
  2 worms
  3 dart slugs
  An orc (D:3)
  8 bats
  7 endoplasms
  A giant cockroach (D:1)
  3 goblins
  6 hobgoblins
  6 ball pythons
  4 frilled lizards
  6 kobolds
  3 rats
55 creatures vanquished.

Notes
Turn   | Place    | Note
-------+----------+-------------------------------------------
     0 | D:1      | Gismaildir the Minotaur Fighter began the quest for the
                  | Orb.
     0 | D:1      | Reached XP level 1. HP: 19/19 MP: 0/0
    46 | D:1      | Found Qubb's Book Shoppe.
   218 | D:1      | Reached XP level 2. HP: 21/27 MP: 1/1
   314 | D:1      | Found Zejuig's Book Emporium.
   537 | D:1      | Reached skill level 1 in Dodging
   714 | D:2      | Reached XP level 3. HP: 33/33 MP: 2/2
   728 | D:2      | Noticed Natasha
   738 | D:2      | Killed Natasha
   855 | D:2      | Found Nubugaycs's Distillery.
   870 | D:2      | Bought a potion of curing for 33 gold pieces
   911 | D:2      | Noticed Natasha
   922 | D:2      | Killed Natasha
   923 | D:2      | Reached XP level 4. HP: 23/40 MP: 3/3
   994 | D:2      | Noticed Natasha
   997 | D:2      | Killed Natasha
  1119 | D:2      | Found a white marble altar of Elyvilon.
  1300 | D:3      | Found Xadwufep's Antique Armour Boutique.
  1334 | D:3      | Found a shadowy altar of Dithmenos.
  1894 | D:4      | Reached XP level 5. HP: 45/47 MP: 4/4
  1923 | D:4      | HP: 2/47 [poisoned by a scorpion]
  1935 | D:4      | Slain by a gnoll

Illustrated notes

Levels and vault maps discovered:
D:1:      tarquinn_simple_flora_water_e, layout_loops_cross, serial_shops, shop,
          shop, nrook_mini_vaults
D:2:      layout_rooms, basic_altar, serial_shops, nicolae_shop_trees,
          uniq_natasha
D:3:      layout_basic, mainiacjoe_overflow_concentric_impassable, serial_shops,
          shop
D:4:      layout_loops_ring, mainiacjoe_overflow_catwalk,
          gup_sewer_entry_bubbles, serial_shops, nicolae_shop_stone,
          small_statue_intersection, uniq_edmund

Skill      XL: |  1  2  3  4 |
---------------+-------------+-----
Dodging        | 1 2 |  2.3
Fighting       | 4 |  4.6
Shields        | 4 |  4.6
Armour         | 4 |  4.7
Axes           | 3 |  3.9

Action                   |  1- 3 |  4- 6 || total
-------------------------+-------+-------++-------
Melee: War axe           |    77 |    43 ||   120
       Headbutt          |    12 |     7 ||    19
  Use: Scroll            |     4 |     4 ||     8
Armor: Scale mail        |    43 |    14 ||    57
Dodge: Dodged            |    40 |    11 ||    51
Block: Buckler           |    12 |     8 ||    20

Table legend: (Time is in decaauts)
 A = Elapsed time spent in this place.
 B = Non-inter-level travel time spent in this place.
 C = Inter-level travel time spent in this place.
 D = Time resting spent in this place.
 E = Time spent auto-exploring this place.
 F = Levels seen in this place.
 G = Mean time per level.
                   A        B        C        D        E       F      G
               +--------+--------+--------+--------+--------+-----+--------+
         Total |   1981 |   1928 |     53 |      0 |   1515 |   4 |  495.2 |
       Dungeon |   1981 |   1928 |     53 |      0 |   1515 |   4 |  495.2 |
               +--------+--------+--------+--------+--------+-----+--------+

Top non-repeatable levels by time:
     D:2: 664 daAuts
     D:1: 662 daAuts
     D:3: 603 daAuts
     D:4: 51 daAuts
